Map: Ruines d’Endion

Players

zidar - Winner!

  • Race: Zerg Zerg
  • League: Gold
  • Spawn Location: 5:00

Creaven

  • Race: Terran Terran
  • League: Gold
  • Spawn Location: 7:00

VOD

Have the link to the VOD?

Description

Time

  • Played on: June 13, 2016, 1:40 p.m.
  • Length: 14:48
Show
View Real Time Build Order
Export as new Build Order

zidar Zerg - Winner!

Build Orders: Pool First 

Get SALT Encoding   

  12  0:01  Drone  
  13  0:12  Overlord  
  13  0:18  Drone  
  14  0:31  Drone x2  
  14  0:34  Drone  
  17  0:49  Spawning Pool  
  16  0:50  Drone  
  17  1:13  Hatchery  
  17  1:15  Drone  
  17  1:19  Extractor  
  17  1:21  Drone  
  17  1:24  Drone  
  18  1:36  Queen  
  20  1:42  Drone  
  21  1:47  Overlord  
  21  1:51  Drone  
  22  2:01  Extractor, Drone  
  22  2:19  Queen  
  22  2:22  Drone x2  
  26  2:32  Roach Warren  
  26  2:33  Drone x2  
  27  2:38  Drone  
  28  2:44  Overlord  
  28  2:46  Drone  
  29  2:51  Drone x2  
  29  2:53  Drone  
  32  3:04  Extractor  
  32  3:05  Drone  
  32  3:06  Drone  
  33  3:25  Overlord  
  33  3:26  Overlord x2  
  33  3:44  Drone x8  
  33  3:47  Overlord  
  41  4:03  Roach x4  
  49  4:12  Extractor  
  49  4:14  Drone  
  49  4:18  Roach x3  
  49  4:22  Roach  
  57  4:27  Ravager  
  57  4:28  Ravager x2  
  60  4:35  Roach x4  
  68  4:42  Overlord x4  
  68  4:49  Lair  
  68  5:00  Roach  
  68  5:01  Roach x5  
  80  5:20  Roach x6  
  92  5:28  Ravager  
  61  6:28  Roach x8  
  69  6:56  Roach x6  
  77  7:08  Spire  
  77  7:14  Extractor  
  67  7:21  Ravager x2  
  67  7:22  Ravager  
  70  7:28  Roach x4  
  78  7:33  Drone x4  
  82  7:46  Drone  
  83  7:57  Hatchery  
  51  8:07  Roach x11  
  73  8:19  Drone  
  74  8:22  Roach  
  74  8:26  Ravager x4  
  80  8:49  Roach x7  
  80  8:53  Ravager x3  
  97  9:01  Drone x3  
  100  9:11  Roach  
  100  9:12  Roach x2, Hatchery  
  100  9:14  Overlord  
  100  9:15  Overlord x2  
  105  9:23  Drone  
  106  9:28  Overlord x3  
  106  9:52  Drone x8  
  114  10:17  Roach  
  114  10:18  Roach x8  
  132  10:25  Overseer  
  132  10:28  Drone x8  
  133  10:31  Queen  
  142  10:44  Hatchery  
  142  10:49  Evolution Chamber  
  140  10:54  Evolution Chamber  
  140  10:56  Roach x9  
  157  11:16  Extractor  
  156  11:20  Extractor  
  156  11:23  Roach x2  
  159  11:30  Overlord  
  159  11:31  Overlord x4  
  159  11:39  Ravager  
  117  12:05  Roach x12  
  117  12:06  Roach x10  
  90  12:49  Roach x3  
  90  12:50  Roach x15  
  120  13:05  Roach  
  120  13:06  Roach x7  
  114  13:31  Overseer  
  114  13:33  Ravager x6  
  118  13:36  Roach x13  
  118  13:37  Roach x4  
  131  14:16  Ravager x5  
  136  14:23  Roach x4  
Show
View Real Time Build Order
Export as new Build Order

Creaven Terran 

Build Orders:  

Get SALT Encoding   

  12  0:01  SCV  
  13  0:13  SCV  
  14  0:19  Supply Depot  
  14  0:25  SCV  
  15  0:40  SCV  
  15  0:42  Barracks  
  16  0:45  Refinery  
  16  0:52  SCV  
  17  1:05  SCV  
  18  1:17  SCV  
  19  1:29  Reaper, SCV, Supply Depot  
  21  1:45  Command Center  
  21  1:53  Orbital Command  
  21  2:08  Factory  
  21  2:16  Marine, Refinery  
  22  2:24  SCV  
  23  2:38  Barracks Tech Lab  
  23  2:42  SCV  
  24  2:56  Factory Tech Lab  
  23  3:20  SCV  
  23  3:25  Marine  
  23  3:27  Siege Tank  
  28  3:29  SCV  
  28  3:32  SCV  
  30  3:40  Supply Depot  
  30  3:41  SCV  
  32  3:49  Marine  
  32  3:56  Barracks, Starport  
  32  3:59  Engineering Bay  
  32  4:04  Orbital Command  
  32  4:06  SCV  
  32  4:09  Marine  
  34  4:11  Stimpack  
  34  4:13  Siege Tank  
  37  4:18  SCV  
  38  4:27  Marine  
  38  4:29  Terran Infantry Weapons Level 1  
  39  4:33  Starport Reactor  
  39  4:42  Barracks  
  39  4:43  SCV x2  
  41  4:46  Barracks  
  41  4:48  Supply Depot  
  41  4:55  SCV x2  
  45  5:08  Widow Mine, Barracks Reactor  
  45  5:24  Medivac x2  
  50  5:28  SCV x2  
  50  5:29  Marine x2  
  50  5:34  Barracks Reactor  
  55  5:37  Widow Mine  
  55  5:47  Marine x2  
  55  5:48  Marine  
  33  6:21  Marine x4  
  33  6:22  Marine x2  
  33  6:24  Siege Tank  
  39  6:27  Orbital Command  
  38  6:39  Marine x5  
  41  6:40  Marine  
  44  6:50  Orbital Command  
  44  6:57  Marine x4  
  41  7:17  Marine  
  41  7:18  Marine x5  
  47  7:30  Supply Depot  
  47  7:35  Marine x2  
  47  7:36  Marine x4  
  53  7:51  Medivac  
  53  7:52  Siege Tank  
  53  7:53  Marine x3  
  53  7:54  Marine x3  
  56  8:09  SCV  
  56  8:11  Marine x3, SCV  
  61  8:14  Supply Depot  
  61  8:21  SCV  
  62  8:30  Supply Depot  
  62  8:35  Marine x4, SCV, Siege Tank  
  70  8:44  Supply Depot  
  70  8:51  Marine x2, Medivac x2  
  70  8:52  SCV x2  
  70  8:55  Supply Depot  
  78  9:05  Marine x4  
  78  9:06  SCV x2  
  78  9:09  Marine x2  
  86  9:14  Supply Depot  
  89  9:17  Siege Tank  
  89  9:19  Supply Depot  
  89  9:22  Supply Depot  
  89  9:23  Marine x3, SCV x2  
  94  9:35  Marine x3  
  94  9:36  Supply Depot  
  97  9:41  Marine  
  97  9:42  Marine x2  
  97  9:43  Supply Depot  
  97  9:45  Supply Depot  
  100  9:49  Siege Tank  
  103  10:08  Supply Depot  
  103  10:09  Supply Depot  
  103  10:13  Supply Depot  
  103  10:37  Supply Depot  
  103  10:42  Marine x2  
  103  10:43  Marine x3  
  103  10:48  Barracks Reactor  
  108  10:50  Combat Shield  
  108  10:58  Siege Tank  
  108  10:59  Medivac  
  108  11:00  Marine x3, Medivac  
  108  11:01  Marine x2  
  120  11:18  Marine x4, Factory  
  120  11:19  Marine  
  125  11:26  Refinery  
  125  11:30  Siege Tank  
  112  12:14  Marine x4  
  88  12:31  Marine x2  
  88  12:32  Marine x5  
  88  12:35  Siege Tank, Medivac  
  89  12:49  Marine x2  
  89  12:50  Marine x5  
  82  13:03  Medivac  
  84  13:07  Marine x5, Siege Tank  
  90  13:31  Marine x4  
  90  13:32  Marine x3  
  97  13:38  Command Center  
  97  13:39  Siege Tank  
  100  13:49  Marine x5  
  100  13:50  Marine x2  
  76  14:07  Marine x3  
  75  14:11  Siege Tank  
  78  14:23  Marine x2  
  78  14:24  Marine x3  
  82  14:25  Marine x2  
Tags
 
League
GoldGold
Matchup
TvZ
Opening
Pool First
Spawn Locations
Close Positions
Add a new tag
Caveats
  • Supply blocks, unpowered buildings, or Contaminate may cause inaccurate times.
  • Supply counts are checked every 10 seconds.